 Dungeon Crawl Stone Soup version 0.29.1-12-g30fa7ad0bf (webtiles) character file.

Game seed: 3800416975191505544

319 IcyTea the Vexing (level 6, 0/32 HPs)
             Began as a Kobold Enchanter on Dec 22, 2022.
             Slain by a lemure (4 damage)
             ... led by Pikel
             ... on level 3 of the Dungeon.
             The game lasted 00:11:29 (4052 turns).

IcyTea the Vexing (Kobold Enchanter)                Turns: 4052, Time: 00:11:30

Health: 0/32       AC:  2    Str:  6    XL:     6   Next: 75%
Magic:  3/9        EV: 15    Int: 18    God:
Gold:   216        SH:  0    Dex: 15    Spells: 4/9 levels left

rFire   . . .      SeeInvis .   a - +1 dagger
rCold   + + .      Faith    .   (no shield)
rNeg    . . .      Spirit   .   b - +0 robe
rPois   .          Reflect  .   (no helmet)
rElec   .          Harm     .   (no cloak)
rCorr   .          Rampage  .   (no gloves)
Will    .....                   (no boots)
Stlth   ++++......              w - amulet of magic regeneration
HPRegen 0.10/turn               j - ring of protection from cold
MPRegen 0.51/turn               q - ring of protection from cold

@: no status effects
A: small, no large weapons, nightstalker 3
a: no special abilities


You were on level 3 of the Dungeon.
You visited 1 branch of the dungeon, and saw 4 of its levels.

You collected 216 gold pieces.

Inventory:

Hand Weapons
 a - a +1 dagger (weapon)
 g - a +0 short sword
Missiles
 t - 4 poisoned darts
Armour
 b - a +0 robe (worn)
 l - a +0 ring mail
Jewellery
 j - a ring of protection from cold (left hand)
 k - an amulet of faith
 q - a ring of protection from cold (right hand)
 w - an amulet of magic regeneration (around neck)
Wands
 o - a wand of digging (1)
Scrolls
 e - 3 scrolls of teleportation
 h - a scroll of blinking
 i - a scroll of enchant armour
 m - 2 scrolls of magic mapping
 n - a scroll of fear
 r - 2 scrolls of noise {unknown}
 u - a scroll of identify
 y - a scroll of butterflies {unknown}
Potions
 c - a potion of invisibility
 d - 4 potions of curing
 f - a potion of heal wounds
 p - a potion of attraction {unknown}
 s - a potion of resistance {unknown}
 v - a potion of cancellation {unknown}
 x - a potion of haste {unknown}


   Skills:
 + Level 3.7 Short Blades
 - Level 2.4 Dodging
 - Level 4.0 Stealth
 - Level 2.1 Spellcasting
 - Level 6.0 Hexes
 - Level 2.0 Ice Magic


You had 4 spell levels left.
You knew the following spells:

 Your Spells              Type           Power      Damage    Failure   Level
a - Ensorcelled Hibernat  Hex/Ice        32%        N/A       5%          2
b - Confusing Touch       Hex            23%        N/A       4%          3

Your spell library contained the following spells:

 Spells                   Type           Power      Damage    Failure   Level
 Tukima's Dance           Hex            23%        N/A       4%          3
 Dazzling Flash           Conj/Hex       24%        N/A       16%         3
 Beastly Appendage        Tmut           2%         N/A       19%         1
 Wereblood                Tmut           1%         N/A       26%         2
 Anguish                  Hex/Necr       6%         N/A       45%         4
 Spider Form              Tmut/Pois      1%         N/A       47%         3
 Passage of Golubria      Tloc           1%         N/A       87%         4
 Yara's Violent Unravell  Hex/Tmut       6%         3d5       82%         5


Dungeon Overview and Level Annotations

Branches:
Dungeon (4/15)
 Temple: D:4-7

Altars:
Fedhas

Annotations:
D:4 Pikel


Innate Abilities, Weirdness & Mutations

You are small and have problems with some larger weapons.
You are completely attuned to the shadows.


Message History

You impale the lemure!!
The lemure is almost dead.
The lemure barely misses you. The lemure hits you.
You hit the lemure.
The lemure is severely wounded.
The lemure shouts!
You hear a shout!
The lemure closely misses you. The lemure misses you.
The jelly quivers.
Pikel shouts!
You hit the lemure but do no damage.
The lemure is severely wounded.
The lemure hits you. The lemure hits you! The lemure misses you.
The lemure hits you but does no damage.
You climb upwards.
There is a stone staircase leading down here.
Aiming: Ensorcelled Hibernation (safe; 5% risk of failure)
Press: ? - help, Q - select action, (/) - cycle Shift-Dir - straight line, f - worm
Aim: a worm (chance to affect: 58%)
The worm resists with significant effort.
The lemure closely misses you. x2; The worm closely misses you.
Aiming: Ensorcelled Hibernation (safe; 5% risk of failure)
Press: ? - help, Q - select action, (/) - cycle Shift-Dir - straight line, f/p - worm
Aim: a worm (chance to affect: 58%)
The worm resists with significant effort.
The lemure hits you!
* * * LOW HITPOINT WARNING * * *
The lemure barely misses you.
Aiming: Ensorcelled Hibernation (safe; 5% risk of failure)
Press: ? - help, Q - select action, (/) - cycle Shift-Dir - straight line, f/p - worm
Aim: a worm (chance to affect: 58%)
The worm resists with significant effort.
The worm barely misses you. The lemure misses you. x2
Aiming: Ensorcelled Hibernation (safe; 5% risk of failure)
Press: ? - help, Q - select action, (/) - cycle Shift-Dir - straight line, f/p - worm
Aim: a worm (chance to affect: 58%)
The worm resists with significant effort.
The lemure hits you.
* * * LOW HITPOINT WARNING * * *
The lemure hits you.
You die...

#######.....###.#...#.###....#
##........##.##).......#
###.##.#.........#.#...#
#...##.....#.#.....##..#
#.#.####.#.#[#.#...รท...#
#.#.# ##...###....###..# #.#.#
#...........# #...
#.#.###5##..#.###.###...
#.#.#.w@5..............#
#.#.#.#.##############.#
#.#.[...##############.#
#.###.###.......(......# #.#
#.# #.###########).. #.# #.#
#.# #.## #.# #.###.#######
##.## #.# #....#......####....
#.# #####.#####........#


You could see 2 lemures and a worm.

Vanquished Creatures
  An ogre (D:3)
  A jelly (D:3)
  Natasha (thrice) (D:2)
  A gnoll (D:1)
  3 adders
  3 worms
  2 dart slugs
  7 bats
  9 endoplasms
  3 giant cockroaches
  5 goblins
  5 hobgoblins
  6 jackals
  3 quokkas
  7 ball pythons
  11 frilled lizards
  5 kobolds
  7 rats
82 creatures vanquished.

Vanquished Creatures (others)
  5 plants (D:2)
5 creatures vanquished.

Grand Total: 87 creatures vanquished

Notes
Turn   | Place    | Note
-------+----------+-------------------------------------------
     0 | D:1      | IcyTea the Kobold Enchanter began the quest for the Orb.
     0 | D:1      | Reached XP level 1. HP: 10/10 MP: 3/3
   127 | D:1      | Found Qipredaok's Antique Weapon Shop.
   267 | D:1      | Reached XP level 2. HP: 15/15 MP: 5/5
   270 | D:1      | Learned a level 2 spell: Ensorcelled Hibernation
   505 | D:1      | Found a faded altar of an unknown god.
   604 | D:1      | Reached XP level 3. HP: 5/19 MP: 1/6
   964 | D:1      | Reached skill level 4 in Hexes
  1784 | D:2      | Noticed Natasha
  1795 | D:2      | Killed Natasha
  1796 | D:2      | Reached skill level 1 in Ice Magic
  1796 | D:2      | Reached XP level 4. HP: 23/24 MP: 7/7
  1800 | D:2      | Learned a level 3 spell: Confusing Touch
  2338 | D:2      | Noticed Natasha
  2344 | D:2      | Killed Natasha
  2345 | D:2      | Reached XP level 5. HP: 28/28 MP: 3/8
  2360 | D:2      | Noticed Natasha
  2364 | D:2      | Killed Natasha
  2365 | D:2      | Reached skill level 5 in Hexes
  2866 | D:3      | Noticed an ogre
  2874 | D:3      | Killed an ogre
  2875 | D:3      | Reached skill level 6 in Hexes
  2875 | D:3      | Reached XP level 6. HP: 32/32 MP: 2/9
  3987 | D:3      | Found a blossoming altar of Fedhas.
  4042 | D:4      | Noticed Pikel
  4052 | D:3      | Slain by a lemure

Illustrated notes

Levels and vault maps discovered:
D:1:      sevenhm_arrival_forest_fort_large_4, layout_basic,
          ebering_ecumenical_altar_hall, serial_shops, shop, hex_tiny
D:2:      wad_crossroads, layout_basic, minmay_lizard_king, uniq_natasha
D:3:      layout_loops_ring, fedhas_ov_isle_minmay, minmay_fractal_squares_5
D:4:      layout_rooms, minmay_temple_entry_slanted, nicolae_stop_n_shop_1,
          uniq_pikel, uniq_eustachio

Skill      XL: |  1  2  3  4  5  6 |
---------------+-------------------+-----
Short Blades   | 2 3 |  3.7
Hexes          | 4 6 |  6.0
Ice Magic      | 1 2 |  2.0
Dodging        | |  2.4
Stealth        | |  4.0
Spellcasting   | |  2.1

Action                   |  1- 3 |  4- 6 || total
-------------------------+-------+-------++-------
Melee: Dagger            |    74 |   150 ||   224
       Punch             |     1 |       ||     1
 Cast: Ensorcelled Hiber |     4 |    18 ||    22
  Use: Potion            |     1 |     1 ||     2
       Scroll            |       |     6 ||     6
 Stab: Sleeping          |    15 |    29 ||    44
Armor: Robe              |     9 |    17 ||    26
Dodge: Dodged            |    49 |   108 ||   157
